 Dungeon Crawl Stone Soup version 0.31-a0-233-g139696dc86 (webtiles) character file.

Game seed: 10679329643891604247

60 qw the Shooter (level 4, -3/26 HPs)
             Began as a Gargoyle Hexslinger on July 9, 2023.
             Slain by a gnoll
             ... wielding a +0 halberd
              (14 damage)
             ... on level 3 of the Dungeon.
             The game lasted 00:00:40 (1731 turns).

qw the Shooter (Gargoyle Hexslinger)                Turns: 1731, Time: 00:00:40

Health: -3/26      AC:  9    Str: 12    XL:     4   Next: 6%
Magic:  5/5        EV: 10    Int: 13    God:
Gold:   98         SH:  0    Dex: 14    Spells: 4/5 levels left

rFire   . . .        Y - +1 sling
rCold   . . .        (no shield)
rNeg    + . .        g - +0 ring mail
rPois   inf          (no helmet)
rElec   +            (no cloak)
rCorr   .            a - +0 pair of gloves
SInv    +            (no boots)
Will    .....        (no amulet)
Stlth   +            d - ring of see invisible
HPRegen 0.24/turn    (no ring)
MPRegen 0.09/turn

%: no passive effects
@: no status effects
A: sickness immunity, AC +3, negative energy resistance 1, electricity
resistance, torment resistance 1, petrification resistance
a: no special abilities


You were on level 3 of the Dungeon.
You visited 1 branch of the dungeon, and saw 3 of its levels.

You collected 98 gold pieces.


Innate Abilities, Weirdness & Mutations

You are immune to sickness and miasma.
Your stone body is resilient. (AC +3)
You are immune to poison.
You resist negative energy. (rN+)
You are resistant to electric shocks. (rElec)
You are resistant to unholy torment.
You are immune to petrification.


   Skills:
 - Level 2.0 Fighting
 + Level 3.6 Ranged Weapons
 - Level 1.0 Armour
 - Level 1.5 Dodging
 - Level 1.0 Spellcasting
 - Level 2.6 Hexes


You had 4 spell levels left.
You knew the following spells:

 Your Spells              Type           Power      Damage    Failure   Level
a - Slow                  Hex            28%        N/A       22%         1

Your spell library contained the following spells:

 Spells                   Type           Power      Damage    Failure   Level
 Inner Flame              Hex/Fire       4%         N/A       73%         3
 Portal Projectile        Hex/Tloc       8%         N/A       73%         3
 Cause Fear               Hex            3%         N/A       91%         4

Inventory:

Hand Weapons
 Y - a +1 sling (weapon)
Armour
 a - a +0 pair of gloves (worn)
 g - a +0 ring mail (worn)
Jewellery
 d - a ring of see invisible (left hand)
Potions
 e - a potion of invisibility {unknown}
 f - a potion of curing {unknown}

Dungeon Overview and Level Annotations

Branches:
Dungeon (3/15)

Altars:
Gozag
Wu Jian


Message History

The orc shouts!
Enter note:
Enter note: You shoot a sling bullet.
The sling bullet hits the orc.
The orc is lightly wounded.
You shoot a sling bullet. The sling bullet hits the orc!
You kill the orc!
Things that are here:
a +0 dagger; an orc corpse 2 gnolls come into view.
The gnoll shouts!
Enter note:
Enter note: You shoot a sling bullet.
The sling bullet hits the gnoll.
The gnoll is lightly wounded.
A gnoll comes into view. It is wielding a +0 spear.
You shoot a sling bullet. The gnoll shouts!
The sling bullet hits the gnoll.
The gnoll is severely wounded.
1726 ||| Stepping ~*~*~tactically~*~*~ (outnumbered).
You shoot a sling bullet. The sling bullet hits the gnoll.
The gnoll is moderately wounded.
You shoot a sling bullet.
The sling bullet hits the gnoll but does no damage.
The gnoll is severely wounded.
You shoot a sling bullet.
The sling bullet hits the gnoll but does no damage.
The gnoll is moderately wounded.
You shoot a sling bullet. The sling bullet hits the gnoll.
The gnoll is moderately wounded.
The gnoll hits you from afar with a +0 halberd.
The gnoll hits you with a +0 club.
The gnoll hits you from afar with a +0 halberd!
The gnoll hits you with a +0 club.
You shoot a sling bullet. The sling bullet hits the gnoll.
The gnoll is heavily wounded.
The gnoll hits you from afar with a +0 halberd!
Ouch! That really hurt!
You die...

...## .. #...# ..
#...# ########## .
...###..).....# #+#
#...##.######.# #.#
...##.# #.# #.#
#######..##.# #.#
#.# ......g.###.#
#.# #.#
......#g@##.## #.#
#.. .....
##.....#####.# #..
.g..
####...##...####..
...
+.....#............
..
##########.#...###.
# #.#.#.###.
#.#.#...#. #
#.###.#. .. ....#
#...


You could see 2 gnolls.

Vanquished Creatures
  An adder (D:2)
  2 worms
  2 dart slugs (D:3)
  2 orcs (D:3)
  5 endoplasms
  A giant cockroach (D:2)
  A goblin (D:3)
  A hobgoblin (D:3)
  7 kobolds
  A quokka (D:1)
  2 ball pythons
  7 bats
  4 frilled lizards
  4 rats (D:2)
40 creatures vanquished.

Notes
Turn   | Place    | Note
-------+----------+-------------------------------------------
     0 | D:1      | qw the Gargoyle Hexslinger began the quest for the Orb.
     0 | D:1      | Reached XP level 1. HP: 12/12 MP: 2/2
     0 | D:1      | 0 ||| qw: Version: 0.3-a-51-g015441d
     0 | D:1      | 0 ||| qw: Game counter: 3890
     0 | D:1      | 0 ||| qw: Melee chars always use a shield: true
     0 | D:1      | 0 ||| qw: God list: Okawaru
     0 | D:1      | 0 ||| qw: Allow faded altars: false
     0 | D:1      | 0 ||| qw: Do Orc after clearing Dungeon:15 true
     0 | D:1      | 0 ||| qw: Do second Lair branch before Depths: true
     0 | D:1      | 0 ||| qw: Lair rune preference: random
     0 | D:1      | 0 ||| qw: Goals: Normal
     0 | D:1      | 0 ||| PLANNING D:1-11
   426 | D:1      | Reached XP level 2. HP: 16/16 MP: 3/3
   758 | D:1      | 758 ||| UPGRADING to ring of see invisible.
   759 | D:1      | 759 ||| READING scroll labelled IRAUCLENEF.
   760 | D:1      | 760 ||| READING scroll labelled JUTIEBIFIL.
   761 | D:1      | 761 ||| READING scroll labelled BIYPRA MIUCA.
   762 | D:1      | 762 ||| DROPPING scroll of poison.
   789 | D:2      | Found an opulent altar of Gozag.
   825 | D:2      | HP: 4/16 [adder (2)]
   830 | D:2      | HP: 1/16 [adder (1)]
   834 | D:2      | Reached skill level 3 in Ranged Weapons
   974 | D:2      | Reached XP level 3. HP: 18/20 MP: 4/4
  1383 | D:2      | 1383 ||| UPGRADING to +0 pair of gloves.
  1388 | D:2      | 1388 ||| UPGRADING to +0 ring mail.
  1398 | D:2      | 1398 ||| DROPPING +0 robe.
  1399 | D:2      | 1399 ||| READING scroll labelled CUICUATOSO.
  1497 | D:3      | Found an ornate altar of the Wu Jian Council.
  1507 | D:3      | Reached skill level 1 in Armour
  1589 | D:3      | Reached XP level 4. HP: 26/26 MP: 5/5
  1726 | D:3      | 1726 ||| Stepping ~*~*~tactically~*~*~ (outnumbered).
  1731 | D:3      | Slain by a gnoll

Levels and vault maps discovered:
D:1:      nzn_arrival_crosshair, layout_basic
D:2:      kennysheep_big_flooded_room, layout_rooms, basic_altar,
          dk_noncrumbling_2, minmay_indecisive_spiral
D:3:      layout_basic, mainiacjoe_overflow_boulevard, st_stairs_8,
          eino_curves_04

Skill      XL: |  1  2  3 |
---------------+----------+-----
Ranged Weapons | 3 |  3.6
Fighting       | 2 |  2.0
Armour         | 1 |  1.0
Dodging        | |  1.5
Spellcasting   | |  1.0
Hexes          | |  2.6

Action                     |  1- 3 |  4- 6 || total
---------------------------+-------+-------++-------
   Fire: Sling             |   159 |    11 ||   170
    Use: Scroll            |     4 |       ||     4
 Armour: Robe              |    19 |       ||    19
         Ring mail         |     3 |       ||     3
  Dodge: Dodged            |    67 |       ||    67

Table legend:
 A = Non-vault XP
 B = Vault XP
 C = Vault XP percentage of total XP
 D = Non-vault monster count
 E = Vault monster count
 F = Vault count percentage of total count
                 A         B        C        D         E       F
            +---------+---------+-------+---------+---------+-------
      Total |      72 |      15 |  17.2 |      32 |       8 |  20.0
            +---------+---------+-------+---------+---------+-------
        D:1 |      14 |       0 |   0.0 |       8 |       0 |   0.0
        D:2 |      31 |       9 |  22.5 |      13 |       6 |  31.6
        D:3 |      27 |       6 |  18.2 |      11 |       2 |  15.4
            +---------+---------+-------+---------+---------+-------
